 Dungeon Crawl Stone Soup version 0.27.1 (webtiles) character file.

Game seed: 8882210163961875538

49 Tinkle the Skirmisher (level 3, 0/49 HPs)
             Began as a Minotaur Berserker on Aug 26, 2021.
             Was a Believer of Trog.
             Succumbed to a kobold's poison
             ... on level 2 of the Dungeon.
             The game lasted 00:04:50 (905 turns).

Tinkle the Skirmisher (Minotaur Berserker)           Turns: 905, Time: 00:04:50

Health: 0/49       AC: 11    Str: 22    XL:     3   Next: 53%
Magic:  2/2        EV:  7    Int:  4    God:    Trog [**....]
Gold:   34         SH:  0    Dex:  9    Spells: 2/2 levels left

rFire    . . .     SeeInvis .   a - +0 hand axe
rCold    . . .     Faith    .   (no shield)
rNeg     . . .     Spirit   .   f - +0 plate armour
rPois    .         Reflect  .   (helmet restricted)
rElec    .         Harm     .   (no cloak)
rCorr    .         Rampage  .   (no gloves)
Will     .....                  (no boots)
Stlth    ..........             (no amulet)
HPRegen  0.16/turn              (no ring)
MPRegen  0.08/turn              (no ring)

@: berserking, lethally poisoned (0 -> -26), very quick
A: horns 2, retaliatory headbutt
a: Renounce Religion, Berserk, Trog's Hand


You were on level 2 of the Dungeon.
You worshipped Trog.
Trog was pleased with you.
You visited 1 branch of the dungeon, and saw 2 of its levels.

You collected 34 gold pieces.

Inventory:

Hand Weapons
 a - a +0 hand axe (weapon)
Missiles
 e - 12 poisoned darts (quivered)
Armour
 f - a +0 plate armour (worn)
Scrolls
 c - a scroll of fear {unknown}
Potions
 b - a potion of curing {unknown}
 d - a potion of heal wounds {unknown}


   Skills:
 + Level 4.2 Fighting
 + Level 4.1 Axes
 + Level 3.1 Armour
 + Level 2.9 Dodging


You had 2 spell levels left.
You didn't know any spells.
Your spell library was empty.

Dungeon Overview and Level Annotations

Branches:
Dungeon (2/15)

Altars:

Shops:
D:2 *


Innate Abilities, Weirdness & Mutations

You have a pair of horns on your head.
You reflexively headbutt those who attack you in melee.


Message History

You feel very sick. The kobold hits you but does no damage.
You are more poisoned.
The kobold hits you but does no damage. x2; The kobold closely misses you.
Damage: -9%(-3hp) hp: 91%(30hp)
You completely miss the kobold.
Your plate armour prevents you from hitting the kobold.
You feel very sick. The kobold hits you but does no damage.
You are more poisoned.
The kobold barely misses you.
Damage: -12%(-4hp) hp: 79%(26hp)
You closely miss the kobold.
Your plate armour prevents you from hitting the kobold.
You feel very sick. The kobold barely misses you.
The kobold hits you with a +0 short sword.
Huge Dmg: -27%(-9hp) hp: 52%(17hp)
You hit the kobold but do no damage. You closely miss the kobold.
You feel very sick.
The kobold hits you with a +1 dagger of venom.
You are more poisoned.
The kobold hits you but does no damage.
Huge Dmg: -18%(-6hp) hp: 34%(11hp)
You barely miss the kobold. You hit the kobold but do no damage.
* * * LOW HITPOINT WARNING * * *
You feel very sick. The kobold barely misses you.
The kobold hits you but does no damage.
Huge Dmg: -15%(-5hp) hp: 19%(6hp)
A red film seems to cover your vision as you go berserk!
You feel yourself moving faster!
You feel mighty!
* * * LOW HITPOINT WARNING * * *
You feel very sick.
The kobold hits you with a +1 dagger of venom.
* * * LOW HITPOINT WARNING * * *
You are more poisoned.
The kobold hits you but does no damage.
Huge Dmg: -4%(-2hp) hp: 9%(4hp)
You barely miss the kobold. x2
You die...

######.....#...##...
........##.#...####.
#######..#.#...# #.
#..#.#...# #. ######
#....#...# #. ≈≈≈≈≈.#
#....#...# #. ≈≈≈≈...
#....#...####.
.......####..#.#........
......K@.##..#..#######.
.......#K....#..........
≈≈≈≈...####..#...######.
≈≈≈≈≈.# #..#...#......
###### #..#...#.####.
#..#...# #.... #..#...#
#:##. #..#...# #.##.
#..#... #.##.


You could see 2 kobolds.

Vanquished Creatures
  An adder (D:2)
  A worm (D:2)
  A dart slug (D:1)
  2 ball pythons
  6 bats
  4 endoplasms
  A giant cockroach (D:2)
  2 goblins (D:1)
  3 hobgoblins
  3 quokkas
  A frilled lizard (D:1)
  7 kobolds
32 creatures vanquished.

Notes
Turn   | Place    | Note
-------+----------+-------------------------------------------
     0 | D:1      | Tinkle the Minotaur Berserker began the quest for the Orb.
     0 | D:1      | Reached XP level 1. HP: 19/19 MP: 0/0
   159 | D:1      | Reached XP level 2. HP: 26/27 MP: 1/1
   172 | D:1      | Found a faded altar of an unknown god.
   669 | D:2      | Reached XP level 3. HP: 27/33 MP: 2/2
   728 | D:2      | Reached ** piety under Trog
   837 | D:2      | Found Pumnovup's Assorted Antiques.
   902 | D:2      | Huge Dmg: 9 dmg
   903 | D:2      | Huge Dmg: 6 dmg
   904 | D:2      | Huge Dmg: 5 dmg
   905 | D:2      | Huge Dmg: 2 dmg
   905 | D:2      | Succumbed to a kobold's poison

Illustrated notes

Levels and vault maps discovered:
D:1:      heliophobic_arrival_enchanted_forest, layout_basic,
          hellmonk_ecumenical_altar_prayer_group
D:2:      minmay_kobold_bridge, layout_basic, serial_shops, nicolae_shop_stone,
          basic_altar, minmay_misc_feat_five, minmay_misc_feat_columns

Skill      XL: |  1  2 |
---------------+-------+-----
Fighting       | 4 |  4.2
Axes           | 4 |  4.1
Armour         | 3 |  3.1
Dodging        | |  2.9

Action                   || total
-------------------------++-------
Melee: Hand axe          ||    68
       Headbutt          ||    12
Invok: Berserk           ||     1
Armor: Plate armour      ||    33
       Animal skin       ||     4
       Ring mail         ||     1
Dodge: Dodged            ||    32
